Unix NetHack Version 5.0.0-0 post-release - last build May 10 2026 23:12:36 (d1fa5d53e341ca933230fdaa984d921c805b60aa,branch:main).

Game began 2026-05-14 21:36:13, ended 2026-05-14 21:44:09.

ArrBianca, lawful female dwarven Archeologist

                                         ----
                                         =..|       --------
                                         ...+       |......|
                                         ...|       |.......
                                         ...|       |...@i.|
                                         -.--       |....>.|
                                          #         |.......##
                                         ##         ----+--- ##
                                          ##            #     ##
                                          #########     #      ##
                                           #      ################0#  #
                                           #            #         ######
                                        ---.-           #          #  #-----
                                        |...|    -------.--        ####..F.|
                                        |...|   #.........|            |...|
                                        |...+####|........|            |..<|
                                        -----    ----------            -----

ArrBianca the Field Worker  St:13 Dx:9 Co:14 In:16 Wi:11 Ch:13  Lawful
Dlvl:3  $:21 HP:0(19) Pw:4(4) AC:9  Xp:3 T:1259 

Latest messages:
 You miss Michiel's ghost.
 You miss Michiel's ghost.
 You miss Michiel's ghost.
 Michiel's ghost touches you!
 You miss Michiel's ghost.
 Michiel's ghost touches you!
 You miss Michiel's ghost.
 You miss Michiel's ghost.
 You miss Michiel's ghost.
 You miss Michiel's ghost.
 You miss Michiel's ghost.
 Michiel's ghost touches you!
 You miss Michiel's ghost.
 You miss Michiel's ghost.
 You miss Michiel's ghost.
 You miss Michiel's ghost.
 Michiel's ghost touches you!
 You miss Michiel's ghost.
 Michiel's ghost touches you!
 You miss Michiel's ghost.
 You miss Michiel's ghost.
 You miss Michiel's ghost.
 You miss Michiel's ghost.
 You miss Michiel's ghost.
 Michiel's ghost touches you!
 You miss Michiel's ghost.
 You miss Michiel's ghost.
 You miss Michiel's ghost.
 Michiel's ghost touches you!
 The newt bites!
 You kill the lichen!
 You miss the newt.
 The newt bites!
 You kill the newt!
 There is an open door here.
 You see here a whistle.
 y - a whistle.
 In what direction? j
 The door closes.
 You stop waiting.
 You lash the homunculus.
 The homunculus bites!
 You are put to sleep by the homunculus!
 The homunculus bites!
 The homunculus bites!
 The homunculus bites!
 The homunculus bites!
 The homunculus bites!
 You die...
 Do you want an account of creatures vanquished? [ynaq] (y) q

Inventory:
 Coins    ('$')
  $ - 21 gold pieces
 Weapons  (')')
  o - a +0 dagger
  a - a greased +2 bullwhip (weapon in left hand)
 Armor    ('[')
  c - an uncursed greased +0 fedora (being worn)
  b - an uncursed greased +0 leather jacket (being worn)
 Comestibles  ('%')
  d - 2 uncursed food rations
  n - an uncursed homemade tin of fox meat
  r - an uncursed homemade tin of jackal meat
  k - an uncursed homemade tin of newt meat
  q - an uncursed lichen corpse
 Scrolls  ('?')
  l - 2 cursed scrolls of blank paper
  t - an uncursed scroll of identify
 Potions  ('!')
  s - an uncursed potion of see invisible
 Tools    ('(')
  h - an empty uncursed sack
  m - a can of grease (0:22)
  y - an uncursed magic whistle
  e - a +0 pick-axe
  f - a tinning kit (0:30)
  p - an uncursed wax candle
 Gems/Stones  ('*')
  g - an uncursed touchstone

ArrBianca the Archeologist's attributes:

Background:
 You were a Field Worker, a level 3 female dwarven Archeologist.
 You were lawful, on a mission for Quetzalcoatl
 who was opposed by Camaxtli (neutral) and Huhetotl (chaotic).
 You were left-handed.
 You were in the Dungeons of Doom, on level 3.
 You entered the dungeon 1259 turns ago.
 You had 56 experience points, 24 more were needed to attain level 4.

Basics:
 You had 0 out of 19 hit points.
 You had all 4 energy points (spell power).
 Your armor class was 9.
 Your wallet contained 21 zorkmids.
 Autopickup was on for '$?!/="+%' plus thrown, with exceptions.

Final Characteristics:
 Your strength was 13 (limit:18/100).
 Your dexterity was 9 (limit:20).
 Your constitution was 14 (limit:20).
 Your intelligence was 16 (limit:16).
 Your wisdom was 11 (limit:16).
 Your charisma was 13 (limit:16).

Final Status:
 You weren't hungry.
 You were unencumbered.
 You were wielding a whip.
 You had basic skill with whip.

Final Attributes:
 You were devoutly aligned.
 You had automatic searching.
 You had infravision.
 You were lucky.
 You are dead.

Miscellaneous:
 You didn't encounter any bones levels.
 Total elapsed playing time was 7 minutes and 56 seconds.

Major events:
 Turn
    1: ArrBianca the lawful female dwarven Archeologist entered the dungeon
  874: attained the rank of Field Worker (level 3)
 1259: killed by a homunculus, while sleeping

You didn't know any spells.

Skills:
 Fighting Skills
   bare handed combat [Unskilled]
   two weapon combat  [Unskilled]
   riding             [Unskilled]
 Weapon Skills
   dagger             [Unskilled]
   knife              [Unskilled]
   pick-axe           [Basic]
   short sword        [Unskilled]
   saber              [Unskilled]
   club               [Unskilled]
   quarterstaff       [Unskilled]
   sling              [Unskilled]
   dart               [Unskilled]
   boomerang          [Unskilled]
   whip               [Basic]
   unicorn horn       [Unskilled]
 Spellcasting Skills
   attack spells      [Unskilled]
   healing spells     [Unskilled]
   divination spells  [Unskilled]
   matter spells      [Unskilled]

Voluntary challenges:
 Character rerolling was not enabled.
 You never had a pet.
 You never genocided any monsters.
 You never polymorphed an object.
 You never changed form.
 You used no wishes.
Achievement:
 You attained the rank of Field Worker.

 The Dungeons of Doom: levels 1 to 3
    Level 1:
    Level 2:
       An altar to Quetzalcoatl, a sink.
    Level 3: <- You were here.
       Final resting place for
          you, killed by a homunculus, while sleeping.


Vanquished creatures:
  a shrieker
 an acid blob
  a brown mold
  a gnome zombie
  3 jackals
  3 foxes
  2 grid bugs
  3 lichens
  a kobold zombie
  6 newts
22 creatures vanquished.

No species were genocided or became extinct.

Game over:
                       ----------
                      /          \
                     /    REST    \
                    /      IN      \
                   /     PEACE      \
                  /                  \
                  |    ArrBianca     |
                  |      21 Au       |
                  |   killed by a    |
                  |    homunculus    |
                  |                  |
                  |                  |
                  |       2026       |
                 *|     *  *  *      | *
        _________)/\\_//(\/(/\)/\//\/|_)_______

Goodbye ArrBianca the Archeologist...

You died in The Dungeons of Doom on dungeon level 3 with 343 points,
and 21 pieces of gold, after 1259 moves.
You were level 3 with a maximum of 19 hit points when you died.

